| TOP OF THE 1ST |
|
Pulaski Yankees batting - Pitching for Texas (APP) Rangers : RHP Bobby Scott
|
|
Pitching: RHP Bobby Scott
|
|
|
Batting: LHB Carlos Palau
|
0-0: Foul Ball, location: 2F 0-1: SINGLE (Groundball, 4M, EV 100.0 MPH) (infield hit)
|
|
Batting: LHB Justin Short
|
0-0: Called Strike 0-1: Foul Ball, location: 2F 0-2: Ball 1-2: Ball 2-2: Foul Ball, location: 2F 2-2: Ball 3-2: Base on Balls Carlos Palau to second
|
|
Batting: RHB Yasuoka Tsuda
|
0-0: Called Strike 0-1: Fielders Choice at 2nd, 6-4 (Groundball, 6, EV 100.0 MPH) Carlos Palau to third
|
|
Batting: RHB Ken Stair
|
0-0: Hit by Pitch Yasuoka Tsuda to second
|
|
Batting: RHB Michael Patterson
|
0-0: Ball 1-0: Foul Ball, location: 2F 1-1: Foul Ball, location: 2F 1-2: Ball 2-2: Strikes out swinging
|
|
Batting: SHB Dylan Best
|
0-0: Foul Ball, location: 2F 0-1: Swinging Strike 0-2: Ball 1-2: Strikes out swinging
|
| Top of the 1st over - 0 runs, 1 hit, 0 errors, 3 left on base; Pulaski 0 - Texas (APP) 0 |
| BOTTOM OF THE 1ST |
|
Texas (APP) Rangers batting - Pitching for Pulaski Yankees : RHP Zack Young
|
|
Pitching: RHP Zack Young
|
|
|
Batting: RHB Luis Reyna
|
0-0: Ball 1-0: Ground out 5-3 (Groundball, 56S, EV 86.9 MPH)
|
|
Batting: RHB Ron Squires
|
0-0: Ball 1-0: Ball 2-0: Foul Ball, location: 2F 2-1: Ball 3-1: Base on Balls
|
|
Batting: RHB Jerry Foster
|
0-0: Ball Ron Squires steals 2nd base 1-0: Swinging Strike 1-1: Swinging Strike 1-2: Ball 2-2: Ball 3-2: Foul Ball, location: 2F 3-2: Base on Balls
|
|
Batting: RHB Luis Solorzano
|
0-0: Ball 1-0: Called Strike Ron Squires steals 3rd base Jerry Foster to second 1-1: DOUBLE (Line Drive, 9LM, EV 99.4 MPH) Ron Squires scores Jerry Foster scores
|
|
Batting: RHB Elias Sagrero
|
0-0: Foul Ball, location: 2F 0-1: Ball 1-1: Foul Ball, location: 2F 1-2: Fly out, F2 (Popup, 2LF, EV 85.6 MPH)
|
|
Batting: LHB Santino Pisanello
|
0-0: Ball 1-0: Foul Ball, location: 2F 1-1: Ball 2-1: Ball 3-1: Base on Balls
|
|
Batting: SHB Albert Ortiz
|
0-0: Swinging Strike 0-1: Foul Ball, location: 2F 0-2: SINGLE (Groundball, 4D, EV 96.2 MPH) Luis Solorzano to third Santino Pisanello to second Runner from 3rd tries for Home, SAFE, throw by CF to home
|
|
Batting: LHB Bobby Scott
|
0-0: Ball 1-0: Ball 2-0: Ball 3-0: Called Strike 3-1: Base on Balls Santino Pisanello to third Albert Ortiz to second
|
|
Batting: RHB Torsten Fisher
|
0-0: Called Strike 0-1: Foul Ball, location: 2F 0-2: Ball 1-2: Foul Ball, location: 2F 1-2: Ground out 2-3 (Groundball, 2R, EV 63.1 MPH)
|
| Bottom of the 1st over - 3 runs, 2 hits, 0 errors, 3 left on base; Pulaski 0 - Texas (APP) 3 |
| TOP OF THE 2ND |
|
Pulaski Yankees batting - Pitching for Texas (APP) Rangers : RHP Bobby Scott
|
|
Batting: RHB Paul Ngumi
|
0-0: Ball 1-0: Ball 2-0: Reached on error, E6 (Groundball, 6S, EV 83.1 MPH)
|
|
Batting: RHB Arturo Gomez
|
0-0: Ball 1-0: Foul Ball, location: 2F 1-1: Called Strike 1-2: Ball 2-2: Ball 3-2: Strikes out looking
|
|
Batting: RHB Mustafa bin Gamali
|
0-0: Called Strike 0-1: Called Strike 0-2: Strikes out swinging
|
|
Batting: LHB Carlos Palau
|
0-0: Ball 1-0: SINGLE (Flyball, 34D, EV 84.4 MPH) Paul Ngumi to second
|
|
Batting: LHB Justin Short
|
0-0: Called Strike 0-1: Ball 1-1: Ball 2-1: Swinging Strike 2-2: Foul Ball, location: 2F 2-2: Foul Ball, location: 2F 2-2: Foul Ball, location: 2F 2-2: Foul Ball, location: 2F 2-2: Strikes out looking
|
| Top of the 2nd over - 0 runs, 1 hit, 1 error, 2 left on base; Pulaski 0 - Texas (APP) 3 |
| BOTTOM OF THE 2ND |
|
Texas (APP) Rangers batting - Pitching for Pulaski Yankees : RHP Zack Young
|
|
Batting: RHB Luis Reyna
|
0-0: Ball 1-0: Fly out, F9 (Line Drive, 89M, EV 95.0 MPH)
|
|
Batting: RHB Ron Squires
|
0-0: Ball 1-0: Ball 2-0: Ball 3-0: Base on Balls
|
|
Batting: RHB Jerry Foster
|
0-0: Ball 1-0: Ball 2-0: 2-RUN HOME RUN (Line Drive, 9LD, EV 94.4 MPH), Distance : 357 ft
|
|
Batting: RHB Luis Solorzano
|
0-0: Ball 1-0: Called Strike 1-1: Ball 2-1: Foul Ball, location: 2F 2-2: Ball 3-2: Base on Balls
|
|
Batting: RHB Elias Sagrero
|
0-0: Ball 1-0: Grounds into double play, 6-4-3 (Groundball, 6, EV 76.9 MPH)
|
| Bottom of the 2nd over - 2 runs, 1 hit, 0 errors, 0 left on base; Pulaski 0 - Texas (APP) 5 |
| TOP OF THE 3RD |
|
Pulaski Yankees batting - Pitching for Texas (APP) Rangers : RHP Bobby Scott
|
|
Batting: RHB Yasuoka Tsuda
|
0-0: Ball 1-0: Ball 2-0: SINGLE (Groundball, 34D, EV 106.9 MPH)
|
|
Batting: RHB Ken Stair
|
0-0: Ball 1-0: Ball 2-0: Foul Ball, location: 2F 2-1: Ball 3-1: Fielders Choice at 2nd, 4-6 (Groundball, 34, EV 108.8 MPH)
|
|
Batting: RHB Michael Patterson
|
0-0: Called Strike 0-1: Foul Ball, location: 2F 0-2: Fly out, F7 (Line Drive, 7D, EV 97.5 MPH)
|
|
Batting: SHB Dylan Best
|
0-0: Ball 1-0: Fly out, F7 (Flyball, 7S, EV 82.5 MPH)
|
| Top of the 3rd over - 0 runs, 1 hit, 0 errors, 1 left on base; Pulaski 0 - Texas (APP) 5 |
| BOTTOM OF THE 3RD |
|
Texas (APP) Rangers batting - Pitching for Pulaski Yankees : RHP Zack Young
|
|
Batting: LHB Santino Pisanello
|
0-0: Called Strike 0-1: Ball 1-1: Ball 2-1: Ball 3-1: Base on Balls
|
|
Pitching: RHP Yoshida Abe
|
|
|
Batting: SHB Albert Ortiz
|
0-0: Called Strike 0-1: Ball 1-1: Ball Santino Pisanello steals 2nd base 2-1: Ball 3-1: Foul Ball, location: 2F 3-2: Base on Balls
|
|
Batting: LHB Bobby Scott
|
0-0: Fly out, F8 (Flyball, 8LD, EV 85.6 MPH)
|
|
Batting: RHB Torsten Fisher
|
0-0: Ball Wild Pitch! Santino Pisanello to third Albert Ortiz to second 1-0: Called Strike 1-1: Foul Ball, location: 2F 1-2: Strikes out swinging
|
|
Batting: RHB Luis Reyna
|
0-0: 3-RUN HOME RUN (Flyball, 7D, EV 96.9 MPH), Distance : 386 ft
|
|
Batting: RHB Ron Squires
|
0-0: Ground out 4-3 (Groundball, 4M, EV 105.0 MPH)
|
| Bottom of the 3rd over - 3 runs, 1 hit, 0 errors, 0 left on base; Pulaski 0 - Texas (APP) 8 |
| TOP OF THE 4TH |
|
Pulaski Yankees batting - Pitching for Texas (APP) Rangers : RHP Bobby Scott
|
|
Batting: RHB Paul Ngumi
|
0-0: Ball 1-0: Ball 2-0: Called Strike 2-1: SINGLE (Flyball, 56D, EV 91.2 MPH)
|
|
Batting: RHB Arturo Gomez
|
0-0: Called Strike 0-1: Ball 1-1: Grounds into double play, 5-4-3 (Groundball, 56, EV 90.6 MPH)
|
|
Batting: RHB Mustafa bin Gamali
|
0-0: Ball 1-0: Called Strike 1-1: Swinging Strike 1-2: Strikes out swinging
|
| Top of the 4th over - 0 runs, 1 hit, 0 errors, 0 left on base; Pulaski 0 - Texas (APP) 8 |
| BOTTOM OF THE 4TH |
|
Texas (APP) Rangers batting - Pitching for Pulaski Yankees : RHP Yoshida Abe
|
|
Batting: RHB Jerry Foster
|
0-0: Ball 1-0: Ball 2-0: Ball 3-0: Foul Ball, location: 2F 3-1: Base on Balls
|
|
Batting: RHB Luis Solorzano
|
0-0: Ball Wild Pitch! Jerry Foster to second 1-0: Ball 2-0: Ground out 4-3 (Groundball, 4, EV 97.5 MPH) Jerry Foster to third
|
|
Batting: RHB Elias Sagrero
|
0-0: Ball 1-0: Ground out 6-3 (Groundball, 6, EV 92.5 MPH) Jerry Foster scores
|
|
Batting: LHB Santino Pisanello
|
0-0: Called Strike 0-1: Called Strike 0-2: Ball 1-2: Ball 2-2: Foul Ball, location: 2F 2-2: Foul Ball, location: 2F 2-2: Ball 3-2: Foul Ball, location: 2F 3-2: Foul Ball, location: 2F 3-2: Strikes out swinging
|
| Bottom of the 4th over - 1 run, 0 hits, 0 errors, 0 left on base; Pulaski 0 - Texas (APP) 9 |
| TOP OF THE 5TH |
|
Pulaski Yankees batting - Pitching for Texas (APP) Rangers : RHP Bobby Scott
|
|
Batting: LHB Carlos Palau
|
0-0: Ball 1-0: Swinging Strike 1-1: Ball 2-1: Swinging Strike 2-2: Strikes out looking
|
|
Batting: LHB Justin Short
|
0-0: Called Strike 0-1: Ball 1-1: Ball 2-1: Swinging Strike 2-2: Foul Ball, location: 2F 2-2: Foul Ball, location: 2F 2-2: Ball 3-2: Strikes out swinging
|
|
Batting: RHB Yasuoka Tsuda
|
0-0: Called Strike 0-1: Ball 1-1: Called Strike 1-2: Strikes out swinging
|
| Top of the 5th over - 0 runs, 0 hits, 0 errors, 0 left on base; Pulaski 0 - Texas (APP) 9 |
| BOTTOM OF THE 5TH |
|
Texas (APP) Rangers batting - Pitching for Pulaski Yankees : RHP Yoshida Abe
|
|
Batting: SHB Albert Ortiz
|
0-0: Ball 1-0: Ground out 4-3 (Groundball, 4, EV 101.2 MPH)
|
|
Batting: LHB Bobby Scott
|
0-0: Ground out 6-3 (Groundball, 6MD, EV 86.2 MPH)
|
|
Batting: RHB Torsten Fisher
|
0-0: Fly out, F4 (Popup, 4, EV 61.2 MPH)
|
| Bottom of the 5th over - 0 runs, 0 hits, 0 errors, 0 left on base; Pulaski 0 - Texas (APP) 9 |
| TOP OF THE 6TH |
|
Pulaski Yankees batting - Pitching for Texas (APP) Rangers : RHP Bobby Scott
|
|
Batting: RHB Ken Stair
|
0-0: Swinging Strike 0-1: Ball 1-1: Ball 2-1: Foul Ball, location: 2F 2-2: Ball 3-2: Foul Ball, location: 2F 3-2: Strikes out swinging
|
|
Batting: RHB Michael Patterson
|
0-0: Called Strike 0-1: Called Strike 0-2: Strikes out swinging
|
|
Batting: SHB Dylan Best
|
0-0: Ball 1-0: Foul Ball, location: 2F 1-1: Foul Ball, location: 2F 1-2: Strikes out swinging
|
| Top of the 6th over - 0 runs, 0 hits, 0 errors, 0 left on base; Pulaski 0 - Texas (APP) 9 |
| BOTTOM OF THE 6TH |
|
Texas (APP) Rangers batting - Pitching for Pulaski Yankees : RHP Yoshida Abe
|
|
Batting: RHB Luis Reyna
|
0-0: Fly out, F6 (Popup, 6M, EV 55.6 MPH)
|
|
Batting: RHB Ron Squires
|
0-0: Ball 1-0: Ball 2-0: Called Strike 2-1: Ball 3-1: Base on Balls
|
|
Batting: RHB Jerry Foster
|
0-0: Ball 1-0: Ball 2-0: Ball 3-0: Called Strike 3-1: Base on Balls Ron Squires to second
|
|
Batting: RHB Luis Solorzano
|
0-0: Foul Ball, location: 2F 0-1: Grounds into double play, 4-6-3 (Groundball, 4, EV 106.2 MPH)
|
| Bottom of the 6th over - 0 runs, 0 hits, 0 errors, 1 left on base; Pulaski 0 - Texas (APP) 9 |
| TOP OF THE 7TH |
|
Pulaski Yankees batting - Pitching for Texas (APP) Rangers : RHP Bobby Scott
|
|
Batting: RHB Paul Ngumi
|
0-0: Swinging Strike 0-1: Fly out, F7 (Flyball, 7S, EV 96.2 MPH)
|
|
Batting: RHB Arturo Gomez
|
0-0: Ball 1-0: Foul Ball, location: 2F 1-1: Ball 2-1: Ball 3-1: Swinging Strike 3-2: Foul Ball, location: 2F 3-2: Foul Ball, location: 2F 3-2: Foul Ball, location: 2F 3-2: Strikes out swinging
|
|
Batting: RHB Mustafa bin Gamali
|
0-0: Foul Ball, location: 2F 0-1: Swinging Strike 0-2: Strikes out swinging
|
| Top of the 7th over - 0 runs, 0 hits, 0 errors, 0 left on base; Pulaski 0 - Texas (APP) 9 |
| BOTTOM OF THE 7TH |
|
Texas (APP) Rangers batting - Pitching for Pulaski Yankees : RHP Yoshida Abe
|
|
Batting: RHB Elias Sagrero
|
0-0: Swinging Strike 0-1: SOLO HOME RUN (Flyball, 7D, EV 100.0 MPH), Distance : 380 ft
|
|
Batting: LHB Santino Pisanello
|
0-0: Ball 1-0: Ball 2-0: Ground out 6-3 (Groundball, 6, EV 105.6 MPH)
|
|
Batting: SHB Albert Ortiz
|
0-0: SINGLE (Line Drive, 7LS, EV 106.9 MPH)
|
|
Batting: LHB Bobby Scott
|
0-0: Called Strike 0-1: Ball 1-1: Ball 2-1: Called Strike 2-2: Ball 3-2: Base on Balls Albert Ortiz to second
|
|
Pitching: RHP Manny de la Cruz
|
|
|
Batting: RHB Torsten Fisher
|
0-0: Fielders Choice at 2nd, 6-4 (Groundball, 6, EV 105.0 MPH) Albert Ortiz to third
|
|
Batting: RHB Luis Reyna
|
0-0: Ball 1-0: SINGLE (Groundball, 15S, EV 71.9 MPH) (infield hit) Albert Ortiz scores Torsten Fisher to second
|
|
Batting: RHB Ron Squires
|
0-0: Ball 1-0: Called Strike 1-1: Called Strike 1-2: Ball 2-2: Fly out, F8 (Flyball, 78M, EV 80.0 MPH)
|
| Bottom of the 7th over - 2 runs, 3 hits, 0 errors, 2 left on base; Pulaski 0 - Texas (APP) 11 |
| TOP OF THE 8TH |
|
Pulaski Yankees batting - Pitching for Texas (APP) Rangers : RHP Bobby Scott
|
|
Batting: LHB Carlos Palau
|
0-0: Ball 1-0: DOUBLE (Line Drive, 5D, EV 95.0 MPH)
|
|
Pitching: RHP Jose Vela
|
|
|
Batting: LHB Justin Short
|
0-0: Foul Ball, location: 2F 0-1: Ball 1-1: Ball 2-1: Swinging Strike 2-2: Strikes out looking
|
|
Batting: RHB Yasuoka Tsuda
|
0-0: Ball 1-0: Ball 2-0: Foul Ball, location: 2F 2-1: Ball 3-1: Base on Balls
|
|
Batting: RHB Ken Stair
|
0-0: Swinging Strike 0-1: Foul Ball, location: 2F 0-2: Strikes out looking
|
|
Batting: RHB Michael Patterson
|
0-0: Ball 1-0: Called Strike 1-1: Ball 2-1: Called Strike 2-2: Ball 3-2: Foul Ball, location: 2F 3-2: Strikes out swinging
|
| Top of the 8th over - 0 runs, 1 hit, 0 errors, 2 left on base; Pulaski 0 - Texas (APP) 11 |
| BOTTOM OF THE 8TH |
|
Texas (APP) Rangers batting - Pitching for Pulaski Yankees : RHP Manny de la Cruz
|
|
Batting: RHB Jerry Foster
|
0-0: Ball 1-0: Ball 2-0: Swinging Strike 2-1: Ball 3-1: Ground out U3 (Groundball, 3, EV 85.0 MPH)
|
|
Batting: RHB Luis Solorzano
|
0-0: Ball 1-0: Fly out, F8 (Flyball, 8LXD, EV 88.8 MPH)
|
|
Batting: RHB Elias Sagrero
|
0-0: Ball 1-0: Reached on error, E6 (Groundball, 6S, EV 85.0 MPH)
|
|
Batting: LHB Santino Pisanello
|
0-0: Foul Ball, location: 2F 0-1: Foul Ball, location: 2F 0-2: Ball 1-2: Ball 2-2: Foul Ball, location: 2F 2-2: Ground out 4-3 (Groundball, 4, EV 108.8 MPH)
|
| Bottom of the 8th over - 0 runs, 0 hits, 1 error, 1 left on base; Pulaski 0 - Texas (APP) 11 |
| TOP OF THE 9TH |
|
Pulaski Yankees batting - Pitching for Texas (APP) Rangers : RHP Jose Vela
|
|
Batting: SHB Dylan Best
|
0-0: Ball 1-0: Called Strike 1-1: Foul Ball, location: 2F 1-2: Strikes out swinging
|
|
Batting: RHB Paul Ngumi
|
0-0: Foul Ball, location: 2F 0-1: Foul Ball, location: 2F 0-2: Foul Ball, location: 2F 0-2: Strikes out swinging
|
|
Batting: LHB Chris Viehman
|
0-0: Ball 1-0: Ball 2-0: Called Strike 2-1: Foul Ball, location: 2F 2-2: Foul Ball, location: 2F 2-2: Foul Ball, location: 2F 2-2: Ball 3-2: Strikes out swinging
|
| Top of the 9th over - 0 runs, 0 hits, 0 errors, 0 left on base; Pulaski 0 - Texas (APP) 11 |
|